Map: Overgrown Facility

Players

Danlaus - Winner!

  • Race: Protoss Protoss
  • Spawn Location: 7:00

PureLegacy - Winner!

  • Race: Terran Terran
  • Spawn Location: 9:00

kingapes

  • Race: Protoss Protoss
  • League: Diamond
  • Spawn Location: 1:00

JING

  • Race: Terran Terran
  • Spawn Location: 3:00

VOD

Have the link to the VOD?

Description

Time

  • Played on: Nov. 21, 2018, 9:48 a.m.
  • Length: 3:39
Show
View Real Time Build Order
Export as new Build Order

Danlaus Protoss - Winner!

Build Orders: Dark Templar Rush 

Get SALT Encoding   

  12  0:01  Probe  
  13  0:13  Probe  
  14  0:20  Pylon  
  14  0:25  Probe  
  15  0:38  Probe  
  16  0:43  Gateway  
  16  0:49  Assimilator  
  16  0:52  Probe  
  16  0:53  Assimilator  
  17  1:00  Probe  
  17  1:10  Probe  
  19  1:22  Probe  
  20  1:31  Cybernetics Core  
  20  1:34  Probe, Pylon  
  21  1:46  Probe  
  22  1:58  Probe  
  23  2:08  Twilight Council  
  23  2:10  Probe  
  23  2:15  Robotics Facility  
  24  2:25  Gateway  
  24  2:35  Gateway  
  24  2:45  Dark Shrine  
  24  2:54  Gateway  
  24  2:56  Warp Prism  
  26  3:12  Pylon  
  26  3:25  Pylon  
Show
View Real Time Build Order
Export as new Build Order

PureLegacy Terran - Winner!

Build Orders:  

Get SALT Encoding   

  12  0:04  SCV  
  13  0:16  SCV  
  13  0:20  Supply Depot  
  14  0:28  SCV  
  14  0:31  Refinery  
  15  0:42  SCV  
  16  0:47  Barracks  
  16  0:54  SCV  
  17  1:04  Barracks  
  17  1:18  Barracks  
  17  1:23  SCV  
  18  1:35  Reaper  
  19  1:41  Orbital Command  
  19  1:50  Refinery  
  19  1:52  Reaper  
  20  2:02  Supply Depot  
  20  2:05  Reaper  
  21  2:10  Reaper  
  21  2:14  SCV  
  23  2:26  Reaper  
  23  2:28  Supply Depot  
  23  2:29  SCV  
  25  2:42  Reaper  
  25  2:43  SCV  
  27  2:45  Reaper  
  28  2:58  Reaper  
  29  3:19  Command Center  
Show
View Real Time Build Order
Export as new Build Order

kingapes Protoss 

Build Orders:  

Get SALT Encoding   

  12  0:00  Probe  
  13  0:13  Probe  
  14  0:18  Pylon  
  14  0:25  Probe  
  15  0:34  Probe  
  15  0:37  Gateway  
  15  0:42  Probe  
  16  0:47  Assimilator  
  17  0:52  Probe  
  18  1:04  Probe  
  19  1:07  Pylon  
  19  1:16  Probe  
  20  1:24  Cybernetics Core  
  20  1:28  Probe  
  21  1:40  Probe  
  22  1:52  Nexus  
  22  1:53  Stalker  
  22  1:55  Probe  
  23  2:08  Assimilator  
  25  2:11  Probe  
  26  2:26  Probe  
  27  2:42  Pylon  
  27  2:44  Probe  
  28  2:48  Stargate  
  28  2:56  Probe  
  29  3:02  Gateway  
  29  3:03  Gateway  
  29  3:06  Probe  
  29  3:08  Probe  
  31  3:18  Probe  
  32  3:20  Probe  
Show
View Real Time Build Order
Export as new Build Order

JING Terran 

Build Orders:  

Get SALT Encoding   

  12  0:01  SCV  
  13  0:13  SCV  
  14  0:18  Supply Depot  
  14  0:25  SCV  
  15  0:40  SCV  
  15  0:41  Barracks  
  16  0:51  Refinery  
  16  0:52  SCV  
  17  1:04  SCV  
  18  1:18  SCV  
  19  1:29  Marine  
  19  1:30  Orbital Command  
  20  1:44  Command Center  
  20  1:49  Barracks Reactor  
  20  1:59  Barracks, SCV  
  21  2:11  SCV  
  21  2:12  Supply Depot  
  22  2:23  SCV  
  23  2:31  Barracks  
  23  2:33  Marine x2  
  24  2:44  SCV  
  24  2:48  Refinery, Barracks Tech Lab  
  24  2:52  Marine x2  
  19  3:15  Marine x3  
  19  3:19  SCV x2  
Tags
 
Add a new tag
Caveats
  • Supply blocks, unpowered buildings, or Contaminate may cause inaccurate times.
  • Supply counts are checked every 10 seconds.